 Dungeon Crawl Stone Soup version 0.23-a0-301-g9da9e51 (webtiles) character file.

830 Firecrotchwizard the Slasher (level 7, -6/56 HPs)
             Began as a Demonspawn Gladiator on Oct 8, 2018.
             Was a Believer of Okawaru.
             Killed from afar by Dowan (13 damage)
             ... with a stone arrow
             ... on level 5 of the Dungeon.
             The game lasted 00:08:43 (5375 turns).

Firecrotchwizard the Slasher (Demonspawn Gladiator) Turns: 5375, Time: 00:08:44

Health: -6/56      AC:  8    Str: 15    XL:     7   Next: 65%
Magic:  6/7        EV: 14    Int: 10    God:    Okawaru [**....]
Gold:   343        SH:  0    Dex: 15    Spells: 6/6 levels left

rFire    . . .     SeeInvis .   a - +0 long sword
rCold    . . .     Gourm    .   (no shield)
rNeg     . . .     Faith    .   i - +0 ring mail
rPois    .         Spirit   .   (helmet restricted)
rElec    .         Reflect  .   (no cloak)
rCorr    +         Harm     .   (no gloves)
MR       .....                  v - +2 pair of boots
Stlth    ++........             (no amulet)
HPRegen  0.18/turn              A - ring of resist corrosion
MPRegen  0.10/turn              (no ring)

@: drained
A: horns 1, repulsion field 2, nightstalker 1
a: Heroism, Renounce Religion


You were on level 5 of the Dungeon.
You worshipped Okawaru.
Okawaru was pleased with you.
You were not hungry.

You visited 1 branch of the dungeon, and saw 5 of its levels.

You collected 343 gold pieces.

Inventory:

Hand Weapons
 a - a +0 long sword (weapon)
Missiles
 d - 3 throwing nets {=f, !d}
 u - a javelin (quivered)
Armour
 i - a +0 ring mail (worn)
   (You found it on level 1 of the Dungeon)
 v - a +2 pair of boots (worn)
   (You found it on level 4 of the Dungeon)
Jewellery
 t - an uncursed ring of ice {rC+, rF-}
   (You found it on level 3 of the Dungeon)
 A - a ring of resist corrosion (left hand)
   (You found it on level 5 of the Dungeon)
Wands
 q - a wand of flame (33)
   (You found it on level 2 of the Dungeon)
 x - a wand of polymorph (17)
   (You found it on level 5 of the Dungeon)
Scrolls
 b - a scroll of enchant weapon {unknown}
 c - 3 scrolls of remove curse
 e - 4 scrolls of teleportation
 n - a scroll of fog {unknown}
 o - 5 scrolls of identify
 w - a scroll of blinking {unknown}
 y - a scroll of torment {unknown}
Potions
 g - a potion of magic {unknown}
 h - a potion of degeneration {unknown}
 j - 5 potions of curing
 k - a potion of might {unknown}
 l - a potion of resistance {unknown}
 m - a potion of agility {unknown}
 p - a potion of flight {unknown}
 r - a potion of brilliance {unknown}
 s - a potion of haste
 z - a potion of invisibility
Comestibles
 f - 5 rations


   Skills:
 + Level 5.2(4.9) Fighting
 * Level 7.0(6.7) Long Blades
 - Level 1.7(1.4) Throwing
 - Level 2.6(2.3) Dodging


You had 6 spell levels left.
You didn't know any spells.
Your spell library contained the following spells:

 Spells                   Type           Power        Failure   Level  Hunger
 Animate Skeleton         Necr           N/A          58%         1    ##.....
 Apportation              Tloc           #.....       58%         1    ##.....
 Confusing Touch          Hex            #.....       58%         1    ##.....
 Summon Small Mammal      Summ           #...         58%         1    ##.....


Dungeon Overview and Level Annotations

Branches:
Dungeon (5/15)
 Temple: D:4-7

Altars:
Cheibriados
Hepliaklqana
Okawaru
Yredelemnul

Annotations:
D:5 Dowan, Grinder


Innate Abilities, Weirdness & Mutations

You have a pair of small horns on your head.
You are surrounded by a moderate repulsion field. (EV +3)
You are slightly more attuned to the shadows.


Message History

You kill the crimson imp!
Okawaru accepts your kill.
Your base Fighting skill increases to level 5!
Health restored: 56 No target in view!
u - a javelin
u - 2 javelins (gained 1)
Found a stone staircase leading down.
c - 3 scrolls of remove curse
Okay, then.
A centaur skeleton comes into view.
A centaur skeleton is nearby!
Throwing (i - inventory)
u - 2 javelins (quivered)
Aim: a centaur skeleton You throw a javelin.
The javelin hits the centaur skeleton.
You hear a shout! x2
Duvessa, Sister of Dowan comes into view.
She is wielding a short sword.
There is a stone staircase leading down here.
You slash the centaur skeleton! The centaur skeleton hits you.
The centaur skeleton barely misses you.
You hit the centaur skeleton.
The centaur skeleton closely misses you.
You take 3 damage, and have 53/56 hp.
You hit the centaur skeleton.
The centaur skeleton hits you but does no damage.
The centaur skeleton barely misses you.
You hit the centaur skeleton but do no damage.
Duvessa hits you with a short sword.
The centaur skeleton closely misses you.
You riposte.
You hit the centaur skeleton.
You take 2 damage, and have 51/56 hp.
You hit the centaur skeleton.
You destroy the centaur skeleton!
Duvessa hits you with a short sword.
You take 1 damage, and have 50/56 hp.
You closely miss Duvessa. Your headbutt misses Duvessa.
Duvessa barely misses you. Duvessa hits you but does no damage.
You hit Duvessa. Your headbutt misses Duvessa. Duvessa closely misses you.
You hit Duvessa but do no damage. Duvessa misses you.
You riposte.
You closely miss Duvessa.
Dowan, Brother of Duvessa comes into view.
He is wielding a dagger.
You hit Duvessa. Duvessa hits you with a short sword.
Dowan drinks a potion.
Dowan seems to speed up.
You take 5 damage, and have 45/56 hp.
You barely miss Duvessa. Duvessa completely misses you.
You riposte.
You hit Duvessa.
You gain the combat prowess of a mighty hero.
Duvessa hits you with a short sword.
You take 1 damage, and have 45/56 hp.
You now have 5/7 mp.
You hit Duvessa. Duvessa hits you with a short sword!
Dowan says, "Stay away from my face!"
Dowan completely misses you.
You take 8 damage, and have 37/56 hp.
You hit Duvessa. Dowan completely misses you.
Duvessa hits you but does no damage.
You slash Duvessa! Dowan misses you.
Duvessa says, "My weaknesses are his strengths!"
Duvessa hits you with a short sword.
You take 1 damage, and have 36/56 hp.
You barely miss Duvessa. Dowan barely misses you.
Dowan says, "My weaknesses are her strengths!"
Dowan misses you.
You slash Duvessa! Duvessa hits you but does no damage. Dowan misses you.
You closely miss Duvessa. Dowan misses you. Duvessa completely misses you.
You hit Duvessa.
You kill Duvessa!
Okawaru accepts your kill.
Dowan's eyes darken. "You have made a black mistake."
Dowan seems to find hidden reserves of power!
Your base Long Blades skill increases to level 7!
Dowan hits you but does no damage. Dowan barely misses you.
You riposte.
You hit Dowan. Your headbutt misses Dowan.
Dowan points at you and mumbles some strange words.
The stone arrow hits you!
Things that are here:
a short sword; a leather armour; a murky amethyst potion You take 19 damage, and have 18/56 hp.
MASSIVE DAMAGE!!
Dowan barely misses you. Dowan hits you with a dagger.
There is a stone staircase leading down, spattered with blood here.
You take 1 damage, and have 17/56 hp.
You closely miss Dowan. You headbutt Dowan. Dowan completely misses you.
You hit Dowan. Your headbutt misses Dowan.
You feel like a meek peon again. Dowan hits you but does no damage.
You barely miss Dowan. Your headbutt misses Dowan.
Dowan points at you and mumbles some strange words.
The stone arrow misses you.
Dowan points at you and mumbles some strange words.
The stone arrow hits you!
* * * LOW HITPOINT WARNING * * *
You take 10 damage, and have 7/56 hp.
You miss Dowan. Dowan hits you but does no damage.
You barely miss Dowan.
Dowan shakes with grief.
Dowan hits you but does no damage.
Dowan points at you and mumbles some strange words.
The stone arrow hits you!
You die...

####### #.....#.#
#....... #.....#.#
#....... #.....#.#
#....... #.....#.#
#....... #.....#.#
#.......
#.....#.########.......
................@e.....
#)...)...######).###..#
######)..######..###..#
#...#.............
#...#####...###..#
##.## #.........
.......# #...###..#
..##.### #...# . #.
#....


You could see Dowan.

Vanquished Creatures
  Menkaure (D:5)
  Edmund (D:5)
  Duvessa (D:5)
  A sky beast (D:4)
  A howler monkey (D:5)
  A crimson imp (D:5)
  2 orc wizards (D:4)
  A bullfrog skeleton (D:4)
  A centaur skeleton (D:5)
  An iguana (D:4)
  A worker ant zombie (D:5)
  3 adders
  A shadow imp (D:2)
  An ooze (D:1)
  2 adder skeletons (D:4)
  3 worms
  A dart slug (D:2)
  3 leopard geckos
  18 orcs
  5 ball pythons
  8 giant cockroaches
  12 goblins
  6 hobgoblins
  10 jackals
  8 kobolds
  11 bats
  2 frilled lizards
  A jackal zombie (D:5)
  7 rats
  A spectral orc (D:3)
115 creatures vanquished.

Notes
Turn   | Place    | Note
-------+----------+-------------------------------------------
     0 | D:1      | Firecrotchwizard the Demonspawn Gladiator began the quest
                  | for the Orb.
     0 | D:1      | Reached XP level 1. HP: 16/16 MP: 1/1
   174 | D:1      | Reached skill level 3 in Long Blades
   327 | D:1      | Gained mutation: You are surrounded by a mild repulsion
                  | field. (EV +2) [demonic ancestry]
   327 | D:1      | Reached XP level 2. HP: 21/22 MP: 2/2
  1120 | D:2      | Reached XP level 3. HP: 25/28 MP: 3/3
  1488 | D:2      | Found an iron altar of Okawaru.
  1499 | D:2      | Became a worshipper of Warmaster Okawaru
  1867 | D:2      | Reached skill level 4 in Long Blades
  1953 | D:2      | Reached XP level 4. HP: 29/34 MP: 4/4
  2104 | D:3      | Reached skill level 3 in Fighting
  2324 | D:3      | Found a snail-covered altar of Cheibriados.
  2845 | D:3      | Found a basalt altar of Yredelemnul.
  3151 | D:3      | Found a hazy altar of Hepliaklqana.
  3176 | D:3      | Gained mutation: You are surrounded by a moderate repulsion
                  | field. (EV +3) [demonic ancestry]
  3176 | D:3      | Reached XP level 5. HP: 40/41 MP: 5/5
  3719 | D:4      | Reached skill level 5 in Long Blades
  4132 | D:4      | Gained mutation: You have a pair of small horns on your
                  | head. [demonic ancestry]
  4132 | D:4      | Reached XP level 6. HP: 28/48 MP: 6/6
  4136 | D:4      | HP: 12/48 [orc/morningstar (9)]
  4141 | D:4      | HP: 11/48 [orc/whip (1)]
  4679 | D:5      | Entered Level 5 of the Dungeon
  4684 | D:5      | Reached * piety under Okawaru
  4684 | D:5      | Reached skill level 4 in Fighting
  4740 | D:5      | Noticed Grinder
  4787 | D:5      | Noticed Edmund
  4805 | D:5      | Killed Edmund
  4826 | D:5      | Reached skill level 6 in Long Blades
  4999 | D:5      | Noticed a sky beast
  5000 | D:5      | Noticed Menkaure
  5155 | D:4      | Killed a sky beast
  5155 | D:4      | Gained mutation: You are slightly more attuned to the
                  | shadows. [demonic ancestry]
  5155 | D:4      | Reached XP level 7. HP: 55/55 MP: 7/7
  5173 | D:5      | Killed Menkaure
  5316 | D:5      | Reached skill level 5 in Fighting
  5344 | D:5      | Noticed Duvessa
  5358 | D:5      | Noticed Dowan
  5368 | D:5      | Killed Duvessa
  5368 | D:5      | Reached ** piety under Okawaru
  5368 | D:5      | Reached skill level 7 in Long Blades
  5373 | D:5      | HP: 7/56 [Dowan/stone arrow (11)]
  5375 | D:5      | Killed from afar by Dowan

Vault maps used:
D:1:      lemuel_arrival_muddy
D:2:      kennysheep_okawaru_gauntlet, kennysheep_cross_bottleneck
D:3:      nicolae_overflow_hidden_temple, nicolae_overflow_crystal_walls,
          yredelemnul_forgotten_temple_becter, minmay_shallow_snake_nest
D:4:      first_ration
D:5:      uniq_edmund, uniq_menkaure, uniq_duvessa, uniq_grinder

Skill      XL: |  1  2  3  4  5  6  7 |
---------------+----------------------+-----
Long Blades    | 3 4 5 6 7 |  7.0
Fighting       | 3 4 5 |  5.2
Throwing       | |  1.7
Dodging        | |  2.6

Action                   |  1- 3 |  4- 6 |  7- 9 || total
-------------------------+-------+-------+-------++-------
Melee: Long sword        |   128 |   186 |    40 ||   354
       Headbutt          |       |    15 |     6 ||    21
Throw: Javelin           |       |    21 |     5 ||    26
Invok: Heroism           |       |       |     1 ||     1
Evoke: Wand              |     2 |       |       ||     2
  Use: Scroll            |       |     3 |       ||     3
 Stab: Sleeping          |     2 |       |       ||     2
  Eat: Chunk             |     4 |     7 |       ||    11
       Ration            |       |     1 |       ||     1
Armor: Leather armour    |     5 |       |       ||     5
       Ring mail         |    50 |    80 |     9 ||   139
Dodge: Dodged            |   109 |   157 |    33 ||   299
       Rpst.: Long sword |    30 |    48 |     9 ||    87

Table legend:
 A = Non-vault XP
 B = Vault XP
 C = Vault XP percentage of total XP
 D = Non-vault monster count
 E = Vault monster count
 F = Vault count percentage of total count
                 A         B        C        D         E       F
            +---------+---------+-------+---------+---------+-------
      Total |     693 |     494 |  41.6 |     107 |       8 |   7.0
            +---------+---------+-------+---------+---------+-------
        D:1 |      29 |       0 |   0.0 |      15 |       0 |   0.0
        D:2 |      72 |       0 |   0.0 |      34 |       0 |   0.0
        D:3 |      81 |      18 |  18.2 |      31 |       5 |  13.9
        D:4 |     333 |       0 |   0.0 |      16 |       0 |   0.0
        D:5 |     178 |     476 |  72.8 |      11 |       3 |  21.4
            +---------+---------+-------+---------+---------+-------

Vault maps used:
D:1:      lemuel_arrival_muddy
D:2:      kennysheep_okawaru_gauntlet, kennysheep_cross_bottleneck
D:3:      nicolae_overflow_hidden_temple, nicolae_overflow_crystal_walls,
          yredelemnul_forgotten_temple_becter, minmay_shallow_snake_nest
D:4:      first_ration
D:5:      uniq_edmund, uniq_menkaure, uniq_duvessa, uniq_grinder

Table legend:
 A = Turns spent in this place as a percentage of turns spent in the entire game.
 B = Non-inter-level travel turns spent in this place as a percentage of non-inter-level travel turns spent in the entire game.
 C = Inter-level travel turns spent in this place as a percentage of turns spent in this place.
 D = Turns resting spent in this place as a percentage of non-inter-level travel turns spent in this place.
 E = Turns spent auto-exploring this place as a percentage of non-inter-level travel turns spent in this place.
 F = Non-inter-level travel turns spent in this place divided by the number of levels of this place that you've seen.
                   A       B       C       D       E      F
               +-------+-------+-------+-------+-------+----------------------
         Total | 100.0 | 100.0 |   2.0 |  30.9 |  53.1 | 1053.0
       Dungeon | 100.0 | 100.0 |   2.0 |  30.9 |  53.1 | 1053.0
               +-------+-------+-------+-------+-------+----------------------

Table legend:
 A = Kills in this place as a percentage of kills in entire the game.
 B = Kills by you in this place as a percentage of kills by you in the entire game.
 C = Kills by friends in this place as a percentage of kills by friends in the entire game.
 D = Other kills in this place as a percentage of other kills in the entire game.
 E = Experience gained in this place as a percentage of experience gained in the entire game.
 F = Experience gained in this place divided by the number of levels of this place that you have seen.
                   A       B       C       D       E      F
               +-------+-------+-------+-------+-------+----------------------
         Total | 100.0 | 100.0 |   N/A |   N/A | 100.0 | 237.4
       Dungeon | 100.0 | 100.0 |   N/A |   N/A | 100.0 | 237.4
               +-------+-------+-------+-------+-------+----------------------
